 Dungeon Crawl Stone Soup version 0.19.1-1-g22dce08 (webtiles) character file.

52 Gorglomux the Sneak (level 3, 0/16 HPs)
             Began as a Spriggan Enchanter on Jan 2, 2017.
             Slain by a worm (10 damage)
             ... on level 2 of the Dungeon.
             The game lasted 00:02:58 (1471 turns).

Gorglomux the Sneak (Spriggan Enchanter)            Turns: 1471, Time: 00:02:59

Health: 0/16       AC:  3    Str:  4    XL:     3   Next: 60%
Magic:  8/8        EV: 18    Int: 16    God:
Gold:   96         SH:  0    Dex: 17    Spells: 3 memorised, 1 level left

rFire  . . .     SeeInvis +     a - +1 dagger
rCold  . . .     Gourm    +     b - +1 robe
rNeg   . . .     Faith    .     (shield restricted)
rPois  .         Spirit   .     (helmet restricted)
rElec  .         Reflect  .     (no cloak)
rCorr  .         Harm     .     (gloves unavailable)
MR     .....                    (boots unavailable)
Stlth  +++.......               m - amulet of the gourmand
                                (no ring)
                                j - ring of wizardry

@: very quick
A: unfitting armour, see invisible, herbivore 3, speed 3, slow metabolism 2
a: no special abilities


You were on level 2 of the Dungeon.
You were not hungry.

You visited 1 branch of the dungeon, and saw 2 of its levels.

You collected 96 gold pieces.

Inventory:

Hand Weapons
 a - a +1 dagger (weapon)
Armour
 b - a +1 robe (worn)
Jewellery
 j - a ring of wizardry (left hand)
 m - an amulet of the gourmand (around neck)
Scrolls
 e - 3 scrolls of teleportation {unknown}
 k - a scroll of fog {unknown}
 l - a scroll of remove curse {unknown}
 n - a scroll of identify {unknown}
Potions
 f - a potion of haste {unknown}
 g - 2 potions of brilliance {unknown}
 i - 2 potions of curing {unknown}
Books
 c - a book of Maledictions

   Spells                             Type                      Level
   a - Corona                         Hexes                        1
   b - Ensorcelled Hibernation        Hexes/Ice                    2
   c - Confuse                        Hexes                        3
   d - Tukima's Dance                 Hexes                        3
   e - Dazzling Spray                 Conjuration/Hexes            3
Comestibles
 d - 2 bread rations
 h - a slice of pizza


   Skills:
 + Level 2.6 Short Blades
 - Level 3.0 Dodging
 + Level 6.0 Stealth
 - Level 2.6 Spellcasting
 - Level 3.6 Hexes


You had one spell level left.
You knew the following spells:

 Your Spells              Type           Power        Failure   Level  Hunger
a - Corona                Hex            ##.....      2%          1    #......
b - Ensorcelled Hibernat  Hex/Ice        #.....       7%          2    ##.....
c - Confuse               Hex            ##......     6%          3    ###....


Dungeon Overview and Level Annotations

Branches:
Dungeon (2/15)

Altars:


Innate Abilities, Weirdness & Mutations

You are very small and have problems with some larger weapons.
You are too small for most types of armour.
You have supernaturally acute eyesight. (SInv)
You are a herbivore.
You cover ground extremely quickly.
You need consume almost no food.


Message History

You impale the adder!!
You kill the adder!
Your Stealth skill increases to level 6!
You see here an adder corpse.
You see here 19 arrows.
A worm comes into view.
A worm is nearby!
The worm bites you.
You hit the worm.
The worm is lightly wounded.
You hit the worm.
The worm is moderately wounded.
The worm misses you.
You hit the worm.
The worm is moderately wounded.
You hit the worm but do no damage.
The worm is moderately wounded.
The worm bites you!
Ouch! That really hurt!
You die...

...###.#.##...............# #.#
.......#.##..(............#####.#
..†#####........(................
...# #.##...............#####.#
...# #.##...............# #.#
#### #.################## #.# #.#
#....# #.#
########.########....##########.#
........>.......@w..............#
...........######....##########..
...........# #....# #..
...........# #....# #..
...........# #....# #.#
...........# #....# #..
...........# #....# ###
.....<.....# #....# #.
############ #....# ..


You could see a worm.

Vanquished Creatures
  An adder (D:2)
  An ooze (D:1)
  2 worms (D:2)
  3 dart slugs
  3 leopard geckos
  A giant cockroach (D:1)
  2 goblins (D:1)
  A hobgoblin (D:1)
  5 bats
  2 frilled lizards (D:1)
  4 kobolds
  A rat (D:1)
26 creatures vanquished.

Notes
Turn   | Place    | Note
-------+----------+-------------------------------------------
     0 | D:1      | Gorglomux the Spriggan Enchanter began the quest for the Orb.
     0 | D:1      | Reached XP level 1. HP: 9/9 MP: 5/5
    68 | D:1      | Reached XP level 2. HP: 12/13 MP: 6/6
    72 | D:1      | Learned a level 2 spell: Ensorcelled Hibernation
   188 | D:1      | Reached skill level 5 in Stealth
  1039 | D:2      | Found a faded altar of an unknown god.
  1043 | D:2      | Reached XP level 3. HP: 16/16 MP: 8/8
  1055 | D:2      | Learned a level 3 spell: Confuse
  1364 | D:2      | Reached skill level 6 in Stealth
  1471 | D:2      | Slain by a worm

Skill      XL: |  1  2  3 |
---------------+----------+-----
Stealth        | 5 6 |  6.0
Short Blades   | 2 |  2.6
Dodging        | |  3.0
Spellcasting   | |  2.6
Hexes          | |  3.6

Action                   || total
-------------------------++-------
Melee: Dagger            ||    94
 Cast: Ensorcelled Hiber ||    12
       Corona            ||     1
 Stab: Sleeping          ||    11
Armor: Robe              ||     9
Dodge: Dodged            ||    74
